Map: Deathaura LE

Players

RyuKey - Winner!

  • Race: Zerg Zerg
  • League: Diamond
  • Spawn Location: 5:00

bObmc

  • Race: Terran Terran
  • League: Platinum
  • Spawn Location: 11:00

VOD

Have the link to the VOD?

Description

Time

  • Played on: June 13, 2020, 10:51 a.m.
  • Length: 18:10
Show
View Real Time Build Order
Export as new Build Order

RyuKey Zerg - Winner!

Build Orders: Hatch First, Muta Ling Bane 

Get SALT Encoding   

  12  0:01  Drone  
  13  0:12  Overlord  
  13  0:16  Drone  
  14  0:31  Drone x2  
  16  0:51  Drone  
  16  0:55  Hatchery  
  16  1:00  Drone  
  16  1:01  Drone  
  18  1:11  Extractor  
  18  1:12  Drone  
  18  1:16  Spawning Pool  
  17  1:19  Drone  
  18  1:28  Drone  
  19  1:42  Drone  
  20  1:58  Drone  
  20  2:01  Overlord  
  21  2:06  Queen  
  21  2:07  Queen  
  25  2:10  Zergling x2  
  25  2:13  Metabolic Boost  
  26  2:16  Drone  
  27  2:23  Drone x2  
  29  2:33  Drone x2  
  31  2:41  Zergling x2  
  31  2:42  Queen  
  34  2:56  Drone x2  
  36  2:58  Overlord  
  36  3:16  Queen  
  38  3:22  Drone  
  38  3:23  Drone x5  
  40  3:47  Zergling x8  
  44  3:52  Baneling Nest  
  44  3:53  Overlord x2  
  43  4:08  Drone  
  44  4:12  Drone x2  
  44  4:13  Drone x2  
  44  4:16  Lair  
  48  4:21  Extractor  
  48  4:22  Extractor  
  48  4:23  Extractor  
  45  4:30  Drone x4  
  45  4:31  Drone  
  50  4:42  Extractor  
  50  4:59  Drone x8  
  58  5:05  Hatchery  
  57  5:13  Drone x2  
  59  5:28  Centrifical Hooks  
  59  5:31  Spire  
  59  5:32  Drone x2  
  59  5:33  Overlord x5  
  60  5:50  Overlord x2  
  60  6:09  Evolution Chamber  
  57  6:11  Evolution Chamber  
  57  6:15  Zergling x18  
  53  6:30  Drone  
  53  6:31  Drone x9  
  63  6:48  Mutalisk x4  
  71  6:55  Queen  
  71  6:56  Zerg Melee Weapons Level 1  
  71  6:57  Zerg Ground Armor Level 1  
  71  6:59  Drone x3  
  76  7:06  Baneling  
  76  7:07  Baneling x5  
  76  7:10  Mutalisk x3  
  82  7:27  Mutalisk  
  82  7:28  Mutalisk x2  
  88  7:32  Drone x5  
  93  7:40  Mutalisk x2  
  97  7:50  Infestation Pit  
  96  7:53  Drone x4  
  96  7:58  Mutalisk  
  102  8:00  Overlord x2  
  102  8:18  Zerg Flyer Weapons Level 1  
  102  8:26  Zergling x2  
  102  8:27  Zergling x14  
  105  8:30  Spore Crawler  
  105  8:33  Spore Crawler  
  105  8:34  Drone x2  
  106  8:41  Hive  
  104  8:55  Drone x10  
  114  9:17  Mutalisk x6  
  126  9:33  Extractor  
  126  9:34  Extractor  
  121  9:57  Burrow  
  121  10:00  Zerg Ground Armor Level 2, Zerg Melee Weapons Level 2  
  121  10:02  Zergling x6  
  121  10:03  Zergling x26  
  121  10:05  Hatchery  
  129  10:28  Ultralisk Cavern  
  128  10:33  Baneling x6  
  128  10:34  Overlord x4  
  128  10:35  Overlord x4  
  120  10:56  Zergling x8  
  123  11:02  Hatchery  
  93  11:20  Mutalisk x5  
  99  11:33  Queen  
  99  11:39  Drone x7  
  114  11:40  Drone x6  
  114  11:48  Mutalisk  
  116  11:59  Baneling x11  
  116  12:00  Baneling x3  
  116  12:10  Extractor  
  116  12:11  Spore Crawler  
  116  12:13  Spore Crawler  
  113  12:16  Extractor  
  111  12:23  Zergling x6  
  111  12:24  Zergling x26  
  127  12:39  Drone x5  
  132  12:49  Zerg Melee Weapons Level 3, Zerg Ground Armor Level 3  
  131  12:56  Queen  
  130  13:03  Mutalisk x5  
  136  13:08  Drone x2  
  136  13:09  Drone x7  
  145  13:28  Hatchery  
  145  13:32  Zergling x34  
  145  13:33  Zergling x4  
  137  14:09  Ultralisk x2  
  171  14:10  Ultralisk x4  
  171  14:11  Baneling  
  171  14:12  Baneling x7  
  171  14:24  Overseer  
  168  14:26  Overseer x3  
  168  14:28  Pneumatized Carapace  
  168  14:48  Queen  
  170  14:53  Extractor  
  170  14:57  Extractor  
  167  15:04  Zergling x2  
  167  15:05  Zergling x50  
  167  15:06  Zergling x10  
  183  15:28  Queen  
  185  15:40  Chitinous Plating  
  143  16:05  Ultralisk x5  
  143  16:06  Ultralisk x3  
  143  16:08  Zergling x10  
  155  16:41  Ultralisk  
  155  16:46  Baneling x7  
  149  16:47  Zergling x2  
  149  16:48  Zergling x40  
  170  17:20  Spine Crawler  
  169  17:27  Spore Crawler  
  168  17:33  Baneling  
  168  17:34  Baneling x8  
Show
View Real Time Build Order
Export as new Build Order

bObmc Terran 

Build Orders:  

Get SALT Encoding   

  12  0:07  SCV  
  13  0:17  Supply Depot  
  13  0:19  SCV  
  14  0:26  Refinery  
  14  0:31  SCV  
  15  0:43  Barracks  
  15  0:48  SCV  
  16  1:00  SCV  
  17  1:12  SCV  
  17  1:13  Barracks  
  18  1:24  SCV  
  19  1:32  Reaper  
  20  1:33  Supply Depot  
  20  1:39  Orbital Command  
  20  2:02  Reaper  
  20  2:04  Reaper  
  20  2:05  SCV  
  23  2:19  SCV  
  24  2:30  Command Center  
  24  2:34  Factory  
  24  2:42  SCV  
  25  2:46  Barracks Reactor  
  25  2:54  SCV  
  26  2:59  Refinery  
  26  3:01  Engineering Bay  
  26  3:03  Engineering Bay  
  26  3:06  SCV  
  26  3:07  Marine  
  28  3:18  SCV  
  28  3:42  Hellion x2  
  28  3:45  Orbital Command  
  28  3:46  SCV  
  33  3:49  Marine, Barracks Tech Lab  
  33  3:55  Terran Infantry Weapons Level 1, Terran Infantry Armor Level 1  
  34  4:14  SCV  
  34  4:16  Hellion x2, Marine  
  40  4:18  Combat Shield  
  40  4:35  Supply Depot  
  40  4:36  Supply Depot  
  40  4:40  Engineering Bay  
  40  4:41  Orbital Command  
  40  4:48  SCV  
  39  4:56  Bunker  
  39  4:59  Supply Depot  
  39  5:00  SCV  
  39  5:02  Marine  
  39  5:03  Marine  
  42  5:08  SCV  
  43  5:17  SCV  
  43  5:19  Supply Depot  
  44  5:22  SCV  
  44  5:24  Marine  
  46  5:38  SCV  
  46  5:39  SCV  
  48  5:46  Widow Mine x2  
  48  5:49  Barracks Reactor  
  52  5:50  SCV  
  52  5:54  Starport  
  52  5:55  SCV  
  52  5:56  Barracks  
  54  6:02  SCV  
  55  6:07  SCV  
  56  6:15  SCV  
  56  6:17  Marine  
  58  6:19  SCV  
  55  6:26  Marine  
  55  6:27  SCV, Marine  
  52  6:35  Marine  
  53  6:41  SCV, Stimpack  
  53  6:42  SCV  
  53  6:44  Marine, Factory Tech Lab  
  53  6:45  Marine  
  57  6:48  Refinery  
  57  6:49  Refinery  
  57  6:51  Missile Turret  
  57  6:52  Armory  
  57  6:53  SCV  
  58  6:54  SCV  
  59  7:02  Missile Turret  
  59  7:03  Missile Turret  
  59  7:04  Marine x2  
  59  7:05  Missile Turret  
  61  7:09  Missile Turret, Marine  
  61  7:11  Missile Turret  
  61  7:14  Barracks Reactor  
  62  7:17  Viking x2  
  62  7:19  SCV  
  62  7:22  SCV  
  68  7:31  SCV  
  68  7:34  Marine  
  68  7:35  Marine  
  68  7:36  Marauder, Siege Tank  
  76  7:39  SCV  
  77  7:48  SCV  
  78  8:07  SCV x2  
  78  8:19  Supply Depot, Terran Infantry Weapons Level 2  
  78  8:20  Supply Depot x2, Terran Infantry Armor Level 2  
  78  8:24  Supply Depot  
  78  8:27  SCV x2  
  78  8:38  Viking, Marine x3, Siege Tank  
  78  8:39  Viking, SCV x2  
  90  8:45  Missile Turret  
  89  8:51  SCV x2  
  87  8:55  Marine  
  87  9:03  SCV x2, Marine x2  
  87  9:08  Medivac  
  87  9:09  Medivac  
  95  9:10  Siege Tank  
  95  9:14  Missile Turret  
  95  9:15  SCV x2, Missile Turret  
  100  9:17  Missile Turret  
  100  9:22  Command Center  
  100  9:26  Marine  
  100  9:27  Marine x2  
  100  9:28  SCV x2, Marine  
  106  9:34  Missile Turret  
  106  9:40  SCV x2  
  106  9:43  Missile Turret  
  106  9:44  Marine x2  
  110  9:52  SCV x2  
  112  10:04  SCV x2  
  109  10:16  SCV  
  109  10:18  SCV  
  109  10:20  Marine x2  
  109  10:21  Marine x2  
  115  10:22  Siege Tank  
  118  10:29  SCV, Marine  
  120  10:37  SCV  
  120  10:38  Marine x3  
  120  10:41  SCV  
  125  10:49  SCV  
  115  10:50  Barracks  
  115  10:52  Barracks  
  113  10:59  SCV  
  113  11:00  Marine x2  
  113  11:01  Marine x2  
  113  11:02  SCV, Marauder  
  98  11:23  SCV, Marauder  
  98  11:26  SCV  
  98  11:27  Marine x2  
  98  11:28  Marine  
  98  11:30  Command Center  
  102  11:49  Marauder  
  102  11:50  Liberator  
  102  11:51  Marine  
  102  11:52  Missile Turret, Marine  
  102  11:53  Missile Turret, Marine  
  110  11:54  Factory  
  110  11:58  Missile Turret  
  110  12:00  Barracks  
  110  12:01  SCV  
  110  12:02  Barracks  
  110  12:03  Barracks  
  110  12:04  Barracks  
  110  12:05  Terran Infantry Weapons Level 3  
  111  12:16  SCV  
  109  12:24  SCV, Marine x2  
  109  12:25  Siege Tank  
  109  12:26  Marine  
  116  12:39  SCV, Marine x2  
  116  12:42  Marine  
  116  12:43  SCV, Factory Tech Lab  
  121  12:47  SCV  
  117  13:00  SCV  
  117  13:01  Marine x3  
  117  13:02  Marauder  
  118  13:08  Refinery  
  118  13:09  Refinery  
  118  13:11  SCV  
  119  13:15  Planetary Fortress  
  119  13:16  Siege Tank  
  122  13:21  Supply Depot  
  122  13:23  SCV  
  122  13:24  Marauder  
  122  13:25  Supply Depot  
  125  13:29  Supply Depot  
  125  13:30  Terran Infantry Armor Level 3  
  125  13:32  Command Center  
  125  13:33  Marine  
  126  13:35  Marine x2  
  126  13:39  Supply Depot  
  128  13:45  Marauder  
  128  13:47  Barracks Tech Lab  
  128  13:48  Barracks Reactor  
  121  14:01  SCV  
  108  14:06  SCV, Marauder  
  110  14:10  Widow Mine  
  110  14:11  Medivac x2  
  116  14:20  SCV  
  116  14:21  Marine x2  
  116  14:22  Marine x2  
  119  14:28  Marauder  
  119  14:30  SCV  
  122  14:36  Marauder, Marine  
  122  14:37  Marine x3  
  128  14:43  SCV  
  128  14:45  Liberator  
  132  14:47  Orbital Command, Marine x2  
  132  14:48  Marine x2  
  132  14:49  Marauder  
  132  14:50  Widow Mine  
  132  14:51  SCV  
  141  14:58  SCV  
  142  15:01  Marine  
  142  15:02  Widow Mine  
  142  15:03  Marine x2  
  142  15:04  Marauder, Marine  
  148  15:11  Marauder  
  150  15:20  Marine x2  
  150  15:25  Marauder  
  149  15:32  Marauder  
  148  15:37  Liberator x2  
  148  15:38  SCV  
  155  15:44  SCV  
  155  15:46  Marauder  
  152  15:53  Marauder  
  152  15:55  Marine  
  152  15:56  Marine  
  141  16:02  Marine  
  141  16:03  Marine  
  127  16:15  Marauder  
  93  16:29  Marine x2  
  93  16:36  Marauder  
  87  16:57  Orbital Command  
  87  16:58  Marauder  
  72  17:15  Barracks Tech Lab  
  72  17:16  Viking x2  
  72  17:19  Marauder  
  78  17:28  Orbital Command  
  78  17:40  Marauder  
  78  17:50  Marine  
  78  17:51  Marine  
Tags
 
Add a new tag
Caveats
  • Supply blocks, unpowered buildings, or Contaminate may cause inaccurate times.
  • Supply counts are checked every 10 seconds.